 Dungeon Crawl Stone Soup version 0.23.0 (webtiles) character file.

Game seed: 2799185836770543831

1472 silenth the Zephyrmancer (level 8, -6/41 HPs)
             Began as a Tengu Air Elementalist on Feb 14, 2019.
             Shot with an arrow by a centaur (13 damage)
             ... on level 6 of the Dungeon.
             The game lasted 00:13:42 (6243 turns).

silenth the Zephyrmancer (Tengu Air Elementalist)   Turns: 6243, Time: 00:13:43

Health: -6/41      AC:  7    Str:  8    XL:     8   Next: 78%
Magic:  18/26      EV: 21    Int: 18    God:
Gold:   279        SH:  0    Dex: 19    Spells: 4/17 levels left

rFire    . . .     SeeInvis .   s - +1 spear
rCold    . . .     Gourm    +   (no shield)
rNeg     . . .     Faith    .   n - +2 animal skin
rPois    .         Spirit   .   (helmet restricted)
rElec    +         Reflect  .   u - +2 cloak
rCorr    .         Harm     .   (no gloves)
MR       .....                  (boots unavailable)
Stlth    +++.......             C - amulet of Ajisanusk {Gourm rElec Dex+4}
HPRegen  0.13/turn              i - +6 ring of evasion
MPRegen  0.20/turn              z - ring of magical power

@: flying quickly and evasively, quick
A: beak, talons 3, able to fly
a: Stop Flying


You were on level 6 of the Dungeon.
You were not hungry.

You visited 2 branches of the dungeon, and saw 8 of its levels.
You also visited: Sewer.

You collected 279 gold pieces.

Inventory:

Hand Weapons
 s - a +1 spear (weapon)
Missiles
 k - a throwing net (quivered)
Armour
 a - a +0 robe
 b - a +1 ring mail of magic resistance
 c - a +1 ring mail of cold resistance
 n - a +2 animal skin (worn)
 u - a +2 cloak (worn)
Jewellery
 i - a +6 ring of evasion (left hand)
 z - a ring of magical power (right hand)
 B - an uncursed ring of ice
 C - the amulet of Ajisanusk (around neck) {Gourm rElec Dex+4}
   (You found it on level 6 of the Dungeon)

   [amulet of the gourmand]

   It allows you to eat raw meat even when not hungry.
   It affects your dexterity (+4).
   It insulates you from electricity.
Wands
 q - a wand of acid (23)
 v - a wand of random effects (10)
Scrolls
 f - a scroll of amnesia
 p - 3 scrolls of teleportation
 r - 2 scrolls of remove curse
 w - a scroll of enchant weapon
 x - a scroll of enchant armour
 y - a scroll of magic mapping
Potions
 d - a potion of mutation {unknown}
 g - a potion of agility
 h - 2 potions of heal wounds
 j - 4 potions of curing {unknown}
 l - 2 potions of lignification {unknown}
 m - a potion of magic
 o - 3 potions of brilliance {unknown}
 t - 2 potions of resistance {unknown}
 A - a potion of cancellation {unknown}
 E - a potion of berserk rage {unknown}
Comestibles
 e - 11 rations
 D - 2 chunks of flesh


   Skills:
 - Level 2.1 Dodging
 - Level 4.0 Stealth
 + Level 5.4 Spellcasting
 + Level 7.4 Conjurations
 + Level 8.4 Air Magic
 - Level 2.0 Evocations


You had 4 spell levels left.
You knew the following spells:

 Your Spells              Type           Power        Failure   Level  Hunger
a - Shock                 Conj/Air       ####         1%          1    None
b - Static Discharge      Conj/Air       ####....     1%          3    ##.....
c - Airstrike             Air            #####.....   4%          4    ####...
d - Lightning Bolt        Conj/Air       ####......   14%         5    ######.

Your spell library contained the following spells:

 Spells                   Type           Power        Failure   Level  Hunger
 Swiftness                Chrm/Air       ###.....     3%          2    #......
 Stone Arrow              Conj/Erth      ###...       9%          3    ##.....
 Sandblast                Erth           #.....       13%         1    None
 Passwall                 Tmut/Erth      #.......     19%         2    #......
 Petrify                  Tmut/Erth      #.......     77%         4    ####...
 Lee's Rapid Deconstruct  Erth           #.........   98%         5    ######.


Dungeon Overview and Level Annotations

Branches:
Dungeon (7/15)             Temple (1/1) D:4

Altars:
Ashenzari
Cheibriados
Dithmenos
Elyvilon
Gozag
Hepliaklqana
Kikubaaqudgha
Nemelex Xobeh
Qazlal
Ru
Trog
Uskayaw
Wu Jian
Xom
Yredelemnul
The Shining One


Innate Abilities, Weirdness & Mutations

You have a beak for a mouth.
You have claws for feet.
You can fly continuously.


Message History

A bullfrog skeleton comes into view.
Casting: Shock (safe; 1% risk of failure)
Confirm with . or Enter, or press ? or * to list all spells.
Aiming: Shock (safe; 1% risk of failure)
Press: ? - help, Shift-Dir - straight line, f/p - centaur
Aim: a centaur, wielding a +0 shortbow (severely wounded)
The zap hits the centaur.
The centaur is severely wounded.
The centaur shoots an arrow.
The arrow hits you.
The centaur shoots an arrow.
The arrow hits you.
* * * LOW HITPOINT WARNING * * *
Casting: Shock (safe; 1% risk of failure)
Confirm with . or Enter, or press ? or * to list all spells.
Aiming: Shock (safe; 1% risk of failure)
Press: ? - help, Shift-Dir - straight line, f/p - centaur
Aim: a centaur, wielding a +0 shortbow (severely wounded)
The zap hits the centaur.
The centaur is severely wounded.
The centaur shoots an arrow.
The arrow hits you!
You die...

▓▓▓▓▓▓▓▓▓
▓.......▓
▓.......▓ ▓▓
▓.......▓▓▓▓÷
▓............
▓▓▓▓▓▓.......▓▓▓▓▓
▓@(..........▓ ▓
▓.▓▓▓▓.......▓ .
.).. ▓▓▓▓▓▓▓▓▓ .
....... ..
▓.......? ▓▓
▓...≈≈≈..Z
▓...≈c≈....
▓▓..#.#.....


You could see a centaur and a bullfrog skeleton.

Vanquished Creatures
  An ice beast (D:3)
  An orc warrior (D:7)
  An ogre (D:5)
  3 bullfrogs
  3 scorpions
  2 howler monkeys (D:5)
  A bullfrog zombie (D:5)
  An orc priest (D:3)
  Crazy Yiuf (D:3)
  3 orc wizards
  Ijyb (D:4)
  Terence (D:3)
  An iguana (D:4)
  3 worker ants
  Natasha (twice) (D:3)
  Robin (D:1)
  16 adders
  A shadow imp (D:7)
  10 oozes
  3 worms
  6 dart slugs
  13 leopard geckos
  19 orcs
  10 bats
  15 giant cockroaches
  2 gnoll zombies (D:4)
  15 goblins
  9 hobgoblins
  10 jackals
  5 kobolds
  3 quokkas
  11 ball pythons (Sewer)
  13 frilled lizards
  2 quokka skeletons (D:4)
  8 rats
197 creatures vanquished.

Notes
Turn   | Place    | Note
-------+----------+-------------------------------------------
     0 | D:1      | silenth the Tengu Air Elementalist began the quest for the
                  | Orb.
     0 | D:1      | Reached XP level 1. HP: 10/10 MP: 4/4
    61 | D:1      | Reached XP level 2. HP: 11/15 MP: 1/6
   192 | D:1      | Reached skill level 2 in Conjurations
   622 | D:1      | Reached XP level 3. HP: 19/19 MP: 4/7
   636 | D:1      | Learned a level 3 spell: Static Discharge
   978 | D:2      | Noticed Robin
  1077 | D:1      | Killed Robin
  1077 | D:1      | Reached skill level 3 in Conjurations
  1077 | D:1      | Reached XP level 4. HP: 17/24 MP: 4/9
  1200 | D:2      | Reached skill level 5 in Air Magic
  1389 | D:2      | Reached skill level 3 in Spellcasting
  1851 | D:3      | Gained mutation: You can fly continuously. [Tengu growth]
  1851 | D:3      | Reached XP level 5. HP: 22/28 MP: 0/10
  1929 | D:3      | Noticed an ice beast
  2200 | D:3      | Killed an ice beast
  2200 | D:3      | Reached skill level 4 in Conjurations
  2200 | D:3      | Reached skill level 1 in Evocations
  2200 | D:3      | Reached XP level 6. HP: 32/32 MP: 1/12
  2289 | D:3      | Learned a level 4 spell: Airstrike
  2294 | D:3      | Found a snail-covered altar of Cheibriados.
  2315 | D:3      | Found a stormy altar of Qazlal.
  2682 | D:3      | Found a runed translucent door.
  2683 | D:3      | Noticed Crazy Yiuf
  2695 | D:3      | Killed Crazy Yiuf
  2858 | D:3      | Noticed Terence
  2877 | D:3      | Killed Terence
  3017 | D:3      | Noticed Natasha
  3024 | D:3      | Killed Natasha
  3103 | D:3      | Noticed Natasha
  3110 | D:3      | Killed Natasha
  3110 | D:3      | Reached skill level 3 in Stealth
  3110 | D:3      | Reached skill level 6 in Air Magic
  3153 | D:4      | Reached skill level 2 in Evocations
  3256 | D:4      | Reached XP level 7. HP: 36/36 MP: 10/13
  3302 | D:4      | Found a staircase to the Ecumenical Temple.
  3344 | Temple   | Entered the Ecumenical Temple
  3429 | D:4      | Found a hazy altar of Hepliaklqana.
  3467 | D:4      | Reached skill level 5 in Conjurations
  3566 | D:4      | Reached skill level 4 in Spellcasting
  3574 | D:4      | Learned a level 5 spell: Lightning Bolt
  3585 | D:4      | Found a white marble altar of Elyvilon.
  3637 | D:4      | Noticed Ijyb
  3740 | D:4      | Found a glowing drain.
  3760 | Sewer    | Entered a sewer
  4380 | Sewer    | Reached skill level 4 in Stealth
  4420 | Sewer    | Reached skill level 7 in Air Magic
  4424 | Sewer    | Reached skill level 6 in Conjurations
  4424 | Sewer    | Reached XP level 8. HP: 27/41 MP: 6/15
  4850 | D:4      | Killed Ijyb
  5060 | D:4      | Found a basalt altar of Yredelemnul.
  5119 | D:4      | Found a glowing golden altar of the Shining One.
  5170 | D:5      | Entered Level 5 of the Dungeon
  5372 | D:5      | Reached skill level 5 in Spellcasting
  5759 | D:5      | Reached skill level 8 in Air Magic
  5908 | D:5      | Reached skill level 7 in Conjurations
  5983 | D:5      | You are sucked into a shaft for 2 floors!
  6177 | D:6      | Got a smoking tin amulet
  6178 | D:6      | Identified the amulet of Ajisanusk {Gourm rElec Dex+4} (You
                  | found it on level 6 of the Dungeon)
  6243 | D:6      | Shot with an arrow by a centaur

Skill      XL: |  1  2  3  4  5  6  7  8 |
---------------+-------------------------+-----
Conjurations   | 2 3 4 6 7 |  7.4
Air Magic      | 5 6 7 8 |  8.4
Spellcasting   | 3 4 5 |  5.4
Evocations     | 1 2 |  2.0
Stealth        | 3 4 |  4.0
Dodging        | |  2.1

Action                   |  1- 3 |  4- 6 |  7- 9 || total
-------------------------+-------+-------+-------++-------
Melee: Unarmed           |    25 |       |       ||    25
       Kick              |    14 |     9 |    33 ||    56
       Peck              |     9 |     1 |    18 ||    28
       Whip              |    19 |    13 |       ||    32
       Spear             |       |    24 |   169 ||   193
 Cast: Shock             |    44 |   136 |   187 ||   367
       Static Discharge  |     1 |     2 |    12 ||    15
 Abil: Fly               |       |     1 |       ||     1
Evoke: Wand              |       |       |     1 ||     1
  Use: Scroll            |       |     9 |     4 ||    13
 Stab: Sleeping          |       |       |     4 ||     4
  Eat: Chunk             |       |     8 |     7 ||    15
       Ration            |       |       |     1 ||     1
Armor: Robe              |    10 |       |       ||    10
       Animal skin       |       |     4 |    36 ||    40
Dodge: Dodged            |    40 |    51 |   223 ||   314
